 Dungeon Crawl Stone Soup version 0.31-a0-267-g3fc6992b3b (webtiles) character file.

Game seed: 6218236416274432528

12 qw the Shooter (level 2, 0/16 HPs)
             Began as a Gargoyle Hexslinger on July 14, 2023.
             Slain by a frilled lizard (3 damage)
             ... on level 2 of the Dungeon.
             The game lasted 00:00:08 (287 turns).

qw the Shooter (Gargoyle Hexslinger)                 Turns: 287, Time: 00:00:08

Health: 0/16       AC:  7    Str: 11    XL:     2   Next: 33%
Magic:  3/3        EV: 10    Int: 13    God:
Gold:   0          SH:  0    Dex: 12    Spells: 2/3 levels left

rFire   . . .        Y - +1 sling
rCold   . . .        (no shield)
rNeg    + . .        e - +0 ring mail
rPois   inf          (no helmet)
rElec   +            (no cloak)
rCorr   .            (no gloves)
SInv    .            (no boots)
Will    .....        (no amulet)
Stlth   +            (no ring)
HPRegen 0.22/turn    (no ring)
MPRegen 0.08/turn

%: no passive effects
@: no status effects
A: sickness immunity, AC +2, negative energy resistance 1, electricity
resistance, torment resistance 1, petrification resistance
a: no special abilities


You were on level 2 of the Dungeon.
You visited 1 branch of the dungeon, and saw 2 of its levels.


Innate Abilities, Weirdness & Mutations

You are immune to sickness and miasma.
Your stone body is resilient. (AC +2)
You are immune to poison.
You resist negative energy. (rN+)
You are resistant to electric shocks. (rElec)
You are resistant to unholy torment.
You are immune to petrification.


   Skills:
 - Level 1.1 Fighting
 + Level 2.9 Ranged Weapons
 - Level 1.5 Dodging
 - Level 1.0 Spellcasting
 - Level 2.6 Hexes


You had 2 spell levels left.
You knew the following spells:

 Your Spells              Type           Power      Damage    Failure   Level
a - Slow                  Hex            28%        N/A       22%         1

Your spell library contained the following spells:

 Spells                   Type           Power      Damage    Failure   Level
 Inner Flame              Hex/Fire       4%         N/A       75%         3
 Portal Projectile        Hex/Tloc       8%         N/A       75%         3
 Cause Fear               Hex            3%         N/A       92%         4

Inventory:

Hand Weapons
 Y - a +1 sling (weapon)
Armour
 e - a +0 ring mail (worn)
Scrolls
 b - a scroll of poison

Dungeon Overview and Level Annotations

Branches:
Dungeon (1/15)

Altars:

Shops:
D:2 :


Message History

You shoot a sling bullet. The sling bullet hits the ball python.
The ball python is severely wounded.
A frilled lizard comes into view.
A hobgoblin comes into view.
You shoot a sling bullet.
The sling bullet barely misses the ball python.
The hobgoblin shouts!
The ball python barely misses you. The ball python grabs you.
The ball python constricts you. The rat barely misses you.
The ball python bites you. The ball python constricts you.
The rat bites you but does no damage.
You shoot a sling bullet. The sling bullet hits the ball python.
You kill the ball python!
The adder bites you but does no damage. The adder misses you.
The adder bites you but does no damage. The rat barely misses you.
You shoot a sling bullet. The sling bullet hits the adder.
The adder is lightly wounded.
The adder bites you but does no damage. The adder bites you.
The rat closely misses you. The adder misses you. The adder barely misses you.
You shoot a sling bullet. The sling bullet misses the adder.
The sling bullet misses the frilled lizard.
The adder barely misses you. The rat bites you but does no damage.
The adder bites you. The adder bites you but does no damage. The rat bites you.
The adder barely misses you.
You shoot a sling bullet. The sling bullet misses the adder.
The adder bites you but does no damage. The adder bites you.
The frilled lizard bites you but does no damage.
The rat bites you but does no damage.
You shoot a sling bullet. The sling bullet hits the adder.
The adder is moderately wounded.
The adder closely misses you. The adder barely misses you.
The frilled lizard closely misses you. The rat closely misses you.
The adder closely misses you. The adder bites you but does no damage.
You shoot a sling bullet.
The sling bullet completely misses the adder.
The adder bites you but does no damage. x2
The frilled lizard barely misses you. The rat bites you but does no damage.
The hobgoblin hits you. The adder bites you but does no damage.
The adder barely misses you. The hobgoblin misses you.
The frilled lizard bites you.
You die...

#
#.........#
##<
#.........##
###...
#...........
......
#...........
###...
#...........
##.
#.........#
#
#..gSl....#
#..r@S.!..#
#...........
..
##.########.
#. #.. #. #.
#.
#.######## .
#. # ..>..\
.. #. #~~##
#.#.# #...#
#....


You could see 2 adders, a hobgoblin, a frilled lizard and a rat.

Vanquished Creatures
  A worm (D:2)
  2 hobgoblins (D:2)
  2 ball pythons (D:2)
  2 bats (D:2)
  3 rats (D:2)
10 creatures vanquished.

Notes
Turn   | Place    | Note
-------+----------+-------------------------------------------
     0 | D:1      | qw the Gargoyle Hexslinger began the quest for the Orb.
     0 | D:1      | Reached XP level 1. HP: 12/12 MP: 2/2
     0 | D:1      | 0 ||| qw: Version: 0.3-a-52-g30416fa
     0 | D:1      | 0 ||| qw: Game counter: 7796
     0 | D:1      | 0 ||| qw: Melee chars always use a shield: true
     0 | D:1      | 0 ||| qw: God list: Okawaru
     0 | D:1      | 0 ||| qw: Allow faded altars: false
     0 | D:1      | 0 ||| qw: Do Orc after clearing Dungeon:15 true
     0 | D:1      | 0 ||| qw: Do second Lair branch before Depths: true
     0 | D:1      | 0 ||| qw: Lair rune preference: random
     0 | D:1      | 0 ||| qw: Goals: Normal
     0 | D:1      | 0 ||| PLANNING D:1-11
    12 | D:1      | You fall into a shaft and drop 1 floor!
    72 | D:2      | Reached XP level 2. HP: 16/16 MP: 3/3
   107 | D:2      | HP: 3/16 [worm (3)]
   196 | D:2      | Found Daypt's Book Shoppe.
   264 | D:2      | 264 ||| UPGRADING to +0 ring mail.
   274 | D:2      | 274 ||| DROPPING +0 robe.
   275 | D:2      | 275 ||| READING scroll labelled XAUSME ZAPOOTS.
   276 | D:2      | 276 ||| READING scroll labelled AGA ZOTZIOVAK.
   287 | D:2      | HP: 3/16 [hobgoblin (3)]
   287 | D:2      | Slain by a frilled lizard

Levels and vault maps discovered:
D:1:      wander_arrival_chamber, layout_loops_ring, wad_floor_pattern_2,
          minmay_distorted
D:2:      layout_loops_ring, shapermc_ecumenical_altar_ellora, basic_altar,
          serial_shops, nicolae_shop_hallway_stairs

Action                     || total
---------------------------++-------
   Fire: Sling             ||    42
    Use: Scroll            ||     2
 Armour: Robe              ||     5
         Ring mail         ||    14
  Dodge: Dodged            ||    27

Table legend:
 A = Non-vault XP
 B = Vault XP
 C = Vault XP percentage of total XP
 D = Non-vault monster count
 E = Vault monster count
 F = Vault count percentage of total count
                 A         B        C        D         E       F
            +---------+---------+-------+---------+---------+-------
      Total |      18 |       0 |   0.0 |      10 |       0 |   0.0
            +---------+---------+-------+---------+---------+-------
        D:2 |      18 |       0 |   0.0 |      10 |       0 |   0.0
            +---------+---------+-------+---------+---------+-------
